Map: Catallena LE (Void)

Players

Winthrowe

  • Race: Protoss Protoss
  • League: Silver
  • Spawn Location: 12:00

jxb - Winner!

  • Race: Terran Terran
  • League: Gold
  • Spawn Location: 9:00

VOD

Have the link to the VOD?

Description

Time

  • Played on: Aug. 18, 2017, 7:24 p.m.
  • Length: 19:07
Show
View Real Time Build Order
Export as new Build Order

Winthrowe Protoss 

Build Orders:  

Get SALT Encoding   

  12  0:05  Probe (Chrono Boost)  
  13  0:18  Pylon, Probe (Chrono Boost)  
  15  0:28  Probe (Chrono Boost)  
  15  0:39  Gateway  
  15  0:43  Assimilator  
  15  0:45  Probe (Chrono Boost)  
  16  0:56  Probe (Chrono Boost)  
  17  1:07  Probe (Chrono Boost)  
  18  1:20  Forge  
  18  1:21  Probe (Chrono Boost)  
  19  1:33  Assimilator  
  19  1:36  Probe (Chrono Boost)  
  20  1:40  Zealot  
  22  1:51  Cybernetics Core  
  22  2:19  Pylon  
  22  2:29  Pylon  
  22  2:37  Zealot  
  24  2:49  Warp Gate  
  24  2:50  Robotics Facility  
  24  3:01  Probe (Chrono Boost)  
  25  3:11  Probe (Chrono Boost)  
  26  3:22  Probe (Chrono Boost)  
  26  3:24  Sentry, Nexus  
  29  3:32  Probe (Chrono Boost)  
  30  3:43  Observer, Probe (Chrono Boost)  
  32  3:50  Stalker  
  32  3:54  Probe (Chrono Boost)  
  35  4:20  Stalker  
  35  4:23  Pylon  
  37  4:25  Pylon  
  37  4:30  Pylon  
  37  4:37  Probe x2 (Chrono Boost)  
  39  4:47  Probe (Chrono Boost)  
  39  4:48  Probe (Chrono Boost)  
  39  4:49  Protoss Shields Level 1  
  39  4:50  Stalker  
  43  5:03  Robotics Bay  
  43  5:14  Stargate  
  43  5:20  Stalker  
  45  5:28  Immortal  
  49  5:37  Probe x2 (Chrono Boost)  
  49  5:48  Probe x2 (Chrono Boost)  
  51  5:50  Zealot  
  53  6:07  Colossus  
  59  6:17  Zealot  
  61  6:43  Nexus  
  61  6:44  Stalker  
  63  7:05  Gateway  
  63  7:06  Gateway  
  63  7:08  Phoenix, Gateway  
  63  7:10  Gateway  
  63  7:11  Gateway  
  65  7:29  Warp Prism  
  67  7:33  Phoenix  
  69  7:37  Gravitic Drive  
  69  8:17  Colossus  
  75  8:34  Extended Thermal Lance  
  75  8:37  Zealot x4  
  75  8:38  Zealot x2  
  61  9:31  Zealot  
  61  9:33  Zealot  
  61  9:36  Zealot  
  49  9:38  Zealot  
  49  9:39  Zealot x2  
  55  10:03  Gateway  
  55  10:05  Gateway  
  55  10:07  Gateway  
  55  10:10  Gateway  
  55  10:14  Observer Gravitic Boosters, Gateway  
  55  10:16  Probe x3 (Chrono Boost)  
  58  10:26  Stalker x3, Probe (Chrono Boost)  
  58  10:27  Stalker x3, Probe x2 (Chrono Boost)  
  73  10:31  Colossus  
  79  10:37  Probe x3 (Chrono Boost)  
  82  10:47  Probe (Chrono Boost)  
  82  10:48  Probe x2 (Chrono Boost)  
  79  11:10  Zealot x4  
  79  11:11  Zealot x2  
  89  11:32  Zealot x2  
  93  12:01  Pylon  
  93  12:04  Pylon  
  93  12:08  Pylon  
  93  12:09  Colossus  
  93  12:11  Stalker, Pylon  
  93  12:12  Stalker  
  93  12:14  Pylon  
  89  12:17  Pylon  
  89  12:22  Stalker x4  
  80  12:37  Stalker  
  80  12:38  Stalker  
  74  12:57  Sentry  
  74  12:58  Sentry x3  
  68  13:24  Stargate  
  68  13:28  Assimilator  
  68  13:29  Assimilator  
  68  13:38  Zealot x2  
  68  13:39  Zealot x4  
  80  13:42  Assimilator  
  80  13:46  Assimilator  
  80  14:01  Gateway x2  
  80  14:11  Gateway x2  
  80  14:14  Gateway  
  80  14:16  Gateway  
  80  14:18  Probe (Chrono Boost)  
  80  14:19  Probe x2 (Chrono Boost)  
  83  14:26  Zealot x2  
  83  14:27  Zealot x4  
  83  14:29  Probe x3 (Chrono Boost)  
  98  14:39  Probe (Chrono Boost)  
  98  14:40  Probe (Chrono Boost)  
  100  14:53  Zealot  
  100  14:54  Zealot x5  
  100  14:55  Zealot x4  
  84  15:37  Zealot x2  
  84  15:38  Zealot x3  
  84  15:39  Zealot x4  
  84  15:40  Zealot x2  
  76  15:53  Phoenix x2 (Chrono Boost)  
  80  16:04  Zealot x4  
  80  16:05  Zealot x3  
  80  16:06  Zealot x3  
  80  16:07  Zealot  
  102  16:16  Phoenix x2 (Chrono Boost)  
  106  16:37  Phoenix (Chrono Boost)  
  106  16:38  Phoenix (Chrono Boost)  
  102  16:52  Stalker  
  104  16:55  Stalker x5  
  104  16:56  Stalker x6  
  104  16:57  Stalker x5  
  104  16:59  Phoenix x2 (Chrono Boost)  
  140  17:06  Pylon  
  140  17:09  Pylon  
  140  17:10  Pylon  
  140  17:12  Pylon  
  140  17:14  Pylon  
  140  17:17  Pylon  
  140  17:21  Phoenix x2 (Chrono Boost)  
  90  17:42  Phoenix (Chrono Boost)  
  90  17:43  Phoenix (Chrono Boost)  
  66  18:04  Phoenix x2 (Chrono Boost)  
  70  18:13  Nexus  
  70  18:26  Phoenix (Chrono Boost)  
  74  18:44  Zealot x3  
  74  18:45  Zealot  
  74  18:47  Zealot  
  74  18:48  Zealot x4  
Show
View Real Time Build Order
Export as new Build Order

jxb Terran - Winner!

Build Orders:  

Get SALT Encoding   

  12  0:08  SCV  
  13  0:17  Supply Depot  
  13  0:20  SCV  
  14  0:32  SCV  
  15  0:37  Refinery  
  15  0:44  SCV  
  16  0:51  Barracks  
  16  0:56  SCV  
  17  1:06  Supply Depot  
  17  1:08  SCV  
  18  1:13  Refinery  
  18  1:20  SCV  
  19  1:36  SCV  
  19  1:39  Factory  
  20  1:48  SCV  
  20  1:50  Marine  
  22  2:01  Factory  
  22  2:10  Orbital Command  
  22  2:14  Barracks Reactor  
  22  2:33  Factory Reactor  
  22  2:35  SCV  
  23  2:40  Supply Depot  
  23  2:57  Barracks Tech Lab  
  23  3:00  SCV  
  24  3:07  Cyclone x2  
  30  3:13  SCV  
  30  3:18  Supply Depot  
  31  3:26  Cyclone  
  34  3:27  Supply Depot  
  34  3:38  Cyclone  
  37  3:42  SCV  
  37  3:43  Barracks  
  38  3:56  Cyclone  
  41  4:11  Widow Mine x3  
  47  4:28  Supply Depot, SCV, Widow Mine  
  50  4:35  Barracks Tech Lab  
  50  4:47  Command Center  
  51  4:52  SCV  
  51  5:05  SCV  
  52  5:17  SCV  
  53  5:23  Cyclone x3  
  62  5:29  SCV  
  62  5:31  Supply Depot  
  63  5:41  SCV  
  60  5:54  Supply Depot  
  60  5:58  Engineering Bay  
  60  6:08  Cyclone  
  60  6:09  Cyclone  
  66  6:13  Armory  
  66  6:15  Supply Depot  
  66  6:17  Marine x2  
  68  6:32  Orbital Command  
  68  6:35  Marine x2  
  70  6:40  Missile Turret  
  70  6:44  Missile Turret  
  70  6:50  Missile Turret  
  70  6:51  Missile Turret  
  70  6:53  Marine x2  
  72  6:58  Missile Turret, SCV  
  73  7:10  SCV  
  73  7:11  Marine, Missile Turret  
  75  7:26  Refinery  
  75  7:29  Marine x2, Refinery  
  77  7:41  Terran Vehicle Weapons Level 1  
  77  7:46  Starport  
  77  7:47  Marine x2  
  77  7:48  Starport  
  79  7:52  Starport  
  79  7:57  Missile Turret  
  79  8:00  SCV  
  79  8:04  SCV  
  81  8:12  SCV  
  82  8:15  Sensor Tower  
  82  8:16  SCV  
  83  8:24  SCV  
  84  8:28  SCV  
  84  8:31  Missile Turret  
  84  8:33  Marine x2, Missile Turret  
  87  8:36  SCV, Starport Tech Lab  
  87  8:38  Starport Reactor  
  87  8:40  Starport Reactor  
  87  8:41  SCV  
  89  8:48  SCV  
  90  8:51  Marine  
  91  9:07  Armory  
  87  9:10  Supply Depot  
  65  9:41  Marine  
  65  9:42  Marine  
  65  9:43  Barracks  
  67  9:59  Marine x2, SCV  
  69  10:00  SCV, Command Center  
  71  10:11  SCV  
  71  10:12  SCV  
  71  10:14  Command Center  
  73  10:16  Missile Turret  
  73  10:17  Marine  
  74  10:23  SCV  
  74  10:24  SCV  
  76  10:31  Barracks  
  76  10:32  Barracks Tech Lab  
  76  10:35  Marine x2  
  76  10:36  SCV x2  
  76  10:41  Terran Vehicle And Ship Armor Level 1  
  80  10:43  Terran Ship Weapons Level 1  
  80  10:46  Fusion Core  
  80  10:48  Supply Depot, SCV  
  80  10:49  Supply Depot  
  81  10:52  Supply Depot  
  81  10:53  Marine x2  
  75  11:12  Liberator x5  
  75  11:13  Refinery  
  74  11:23  Barracks Tech Lab  
  74  11:24  Marine x3  
  76  11:28  Refinery  
  92  11:32  SCV  
  92  11:36  SCV, Refinery  
  93  11:49  Combat Shields  
  93  11:53  Refinery  
  94  11:55  Liberator  
  61  12:37  Liberator x4  
  61  12:41  SCV  
  54  12:53  SCV  
  67  13:06  SCV  
  68  13:18  SCV  
  69  13:30  SCV  
  70  13:42  Advanced Ballistics  
  70  13:46  Marine x4  
  74  13:51  Medivac x3  
  74  13:52  Medivac x2  
  74  13:54  Orbital Command  
  84  13:59  Orbital Command  
  84  14:03  Marine  
  84  14:04  Marine x3  
  88  14:15  Missile Turret  
  88  14:20  Liberator x3  
  88  14:21  Marine, Sensor Tower, Medivac x2  
  88  14:22  Marine x3  
  96  14:26  Sensor Tower  
  96  14:27  SCV  
  96  14:28  SCV x2  
  99  14:32  SCV  
  99  14:34  Liberator  
  109  14:39  Marine, SCV  
  109  14:40  Marine x3, SCV x2  
  109  14:44  SCV  
  117  14:51  SCV  
  117  14:52  SCV x2  
  123  14:56  SCV  
  123  14:57  Marine x3  
  123  14:58  Marine  
  128  15:03  SCV  
  128  15:04  SCV x2  
  131  15:09  SCV  
  132  15:15  Marine  
  131  15:41  Liberator x4  
  131  15:42  Liberator  
  122  15:51  Stimpack  
  122  15:52  Terran Infantry Weapons Level 1  
  137  16:12  Sensor Tower  
  137  16:18  SCV  
  138  16:24  Liberator  
  138  16:30  SCV  
  139  16:42  SCV  
  144  16:54  Marine, SCV  
  144  16:55  Marine x3  
  148  17:06  SCV  
  149  17:12  Marine x2  
  149  17:13  Marine x2  
  138  17:30  Marine x4  
  135  17:42  Battlecruiser  
  132  17:53  Refinery  
  132  17:55  SCV, Refinery  
  133  18:07  SCV  
  133  18:08  Marine x2  
  133  18:09  Marine x2  
  138  18:19  SCV  
  139  18:26  Marine x4  
  142  18:31  SCV  
  144  18:44  Marine x4  
Tags
 
Add a new tag
Caveats
  • Supply blocks, unpowered buildings, or Contaminate may cause inaccurate times.
  • Supply counts are checked every 10 seconds.